 Dungeon Crawl Stone Soup version 0.29.1-14-g9c671dbff4 (webtiles) character file.

Game seed: 1473801788745845503

25 leafyfresh the Sneak (level 3, -3/21 HPs)
             Began as an Octopode Earth Elementalist on Feb 21, 2023.
             Slain by a worm (8 damage)
             ... on level 2 of the Dungeon.
             The game lasted 00:01:08 (1706 turns).

leafyfresh the Sneak (Octopode Earth Elementalist)  Turns: 1706, Time: 00:01:09

Health: -3/21      AC:  1    Str:  7    XL:     3   Next: 6%
Magic:  5/6        EV: 13    Int: 19    God:
Gold:   61         SH:  0    Dex: 12    Spells: 5/6 levels left

rFire   . . .      SeeInvis .   b - +0 dagger
rCold   . . .      Faith    .   (no shield)
rNeg    . . .      Spirit   .   (helmet restricted)
rPois   .          Reflect  .   (no amulet)
rElec   .          Harm     .   (no ring)
rCorr   .          Rampage  .   (no ring)
Will    .....                   (no ring)
Stlth   ++++......              (no ring)
HPRegen 0.07/turn               (no ring)
MPRegen 0.10/turn               (no ring)
                                (no ring)
                                (no ring)

@: no status effects
A: almost no armour, amphibious, 8 rings, camouflage 1, gelatinous body 1,
(nimble swimmer 1), tentacles
a: no special abilities


You were on level 2 of the Dungeon.
You visited 1 branch of the dungeon, and saw 2 of its levels.

You collected 61 gold pieces.

Inventory:

Hand Weapons
 b - a +0 dagger (weapon)
Jewellery
 d - a ring of positive energy
 g - a ring of protection from fire
Scrolls
 c - 2 scrolls of teleportation {unknown}
 e - a scroll of identify {unknown}
Potions
 a - a potion of magic
 f - a potion of attraction {unknown}
 h - a potion of cancellation {unknown}
 i - a potion of heal wounds {unknown}


   Skills:
 - Level 2.1 Dodging
 + Level 4.4 Stealth
 - Level 2.0 Spellcasting
 - Level 1.1 Transmutations
 - Level 3.0 Earth Magic


You had 5 spell levels left.
You knew the following spells:

 Your Spells              Type           Power      Damage    Failure   Level
a - Sandblast             Erth           26%        2d8       4%          1

Your spell library contained the following spells:

 Spells                   Type           Power      Damage    Failure   Level
 Passwall                 Tmut/Erth      8%         N/A       11%         2
 Stone Arrow              Conj/Erth      14%        3d7       26%         3
 Petrify                  Tmut/Erth      10%        N/A       56%         4


Dungeon Overview and Level Annotations

Branches:
Dungeon (2/15)

Altars:


Innate Abilities, Weirdness & Mutations

You cannot wear most types of armour.
You are amphibious.
You can wear up to eight rings at the same time.
Your skin changes colour to match your surroundings (Stealth+).
Your rubbery body absorbs attacks. (AC +1, EV +1)
((You are camouflaged when in or above water. (Stealth+)))
You have tentacles for arms and can constrict up to eight enemies at once.


Message History

Found an escape hatch in the ceiling.
There is an open door here.
A worm is nearby!
A worm is nearby!
A worm is nearby!
The helpless worm fails to defend itself.
You puncture the worm! You grab the worm.
The worm is heavily wounded.
You constrict the worm, but do no damage.
The worm bites you.
A worm is nearby!
You hit the worm. You squeeze the worm.
The worm is almost dead.
You constrict the worm.
A worm is nearby!
A worm is nearby!
You hit the worm.
You kill the worm!
You have reached level 3!
Your experience leads to an increase in your attributes!
Increase (S)trength, (I)ntelligence, or (D)exterity?
You feel clever. x2
A worm comes into view.
A worm is nearby!
The worm bites you!
* * * LOW HITPOINT WARNING * * *
A worm is nearby!
You are too injured to fight recklessly!
A worm is nearby!
You are too injured to fight recklessly!
A worm is nearby!
Casting: Sandblast (safe; 4% risk of failure)
Confirm with . or Enter, or press ? or * to list all spells.
Aiming: Sandblast (safe; 4% risk of failure)
Press: ? - help, Shift-Dir - straight line, f - worm
Aim: a worm (94% to hit)
The blast of sand hits the worm!
The worm is heavily wounded.
The worm bites you!
You die...

.. #. ... #. #..
#.# #.##.###
##....<.# #
#.......#.###♣
#......w.....♣
#.....@##.#
#....†.##.#
#......##.#
#......##.#
#####'###.#
#...##.# #...<..#
..####...####.##
..................


You could see a worm.

Vanquished Creatures
  A worm (D:2)
  A dart slug (D:1)
  4 ball pythons (D:1)
  4 endoplasms (D:1)
  2 hobgoblins (D:1)
  3 bats (D:1)
  2 frilled lizards (D:1)
  A goblin (D:1)
  A kobold (D:1)
  2 rats (D:1)
21 creatures vanquished.

Vanquished Creatures (others)
  3 plants (D:2)
3 creatures vanquished.

Grand Total: 24 creatures vanquished

Notes
Turn   | Place    | Note
-------+----------+-------------------------------------------
     0 | D:1      | leafyfresh the Octopode Earth Elementalist began the quest
                  | for the Orb.
     0 | D:1      | Reached XP level 1. HP: 11/11 MP: 3/3
   534 | D:1      | Reached skill level 3 in Stealth
   537 | D:1      | Reached XP level 2. HP: 14/17 MP: 5/5
   604 | D:1      | Found a faded altar of an unknown god.
  1001 | D:1      | Reached skill level 4 in Stealth
  1703 | D:2      | Reached XP level 3. HP: 15/21 MP: 6/6
  1706 | D:2      | Slain by a worm

Illustrated notes

Levels and vault maps discovered:
D:1:      erik_arrival_orb_chamber, layout_basic,
          shapermc_ecumenical_altar_pompeii, lemuel_flame_loot_1
D:2:      layout_basic, serial_forest, infiniplex_forest_corner_1,
          infiniplex_forest_clump_long, infiniplex_forest_straight_3,
          infiniplex_forest_end_1, infiniplex_forest_clump_curved,
          infiniplex_forest_clump_tiny, infiniplex_forest_lined_corner,
          infiniplex_forest_end_2, infiniplex_forest_side_room,
          infiniplex_forest_clump_long

Skill      XL: |  1  2 |
---------------+-------+-----
Stealth        | 3 4 |  4.4
Dodging        | |  2.1
Spellcasting   | |  2.0
Transmutations | |  1.1
Earth Magic    | |  3.0

Action                   || total
-------------------------++-------
Melee: Unarmed           ||     6
       Dagger            ||    31
       Tentacles         ||     7
       Constrict         ||     5
 Cast: Sandblast         ||     5
 Stab: Sleeping          ||     6
Armor: Skin              ||     3
Dodge: Dodged            ||    27
